 Dungeon Crawl Stone Soup version 0.27-a0-637-g3a9f0a9c12 (webtiles) character file.

Game seed: 10050418421869932191

665 Aggronaut the Cleaver (level 7, -1/57 HPs)
             Began as a Hill Orc Fighter on Mar 15, 2021.
             Slain by a bullfrog (3 damage)
             ... in a sewer.
             The game lasted 00:08:18 (3647 turns).

Aggronaut the Cleaver (Hill Orc Fighter)            Turns: 3647, Time: 00:08:20

Health: -1/57      AC:  6    Str: 26    XL:     7   Next: 57%
Magic:  7/7        EV:  4    Int:  8    God:
Gold:   222        SH: 10    Dex: 11    Spells: 6/6 levels left

rFire    + . .     SeeInvis .   v - +10 dagger "Horar" {elec, rF+ rC- Str+6}
rCold    x . .     Faith    .   c - +0 kite shield
rNeg     . . .     Spirit   .   b - +0 scale mail
rPois    .         Reflect  .   (no helmet)
rElec    .         Harm     .   (no cloak)
rCorr    .         Rampage  .   (no gloves)
Will     .....                  (no boots)
Stlth    ..........             (no amulet)
HPRegen  0.19/turn              f - ring of flight
MPRegen  0.10/turn              n - +4 ring of slaying

@: constricted, very slow
A: no striking features
a: Evoke Flight


You were in a sewer.
You visited 1 branch of the dungeon, and saw 4 of its levels.
You also visited: Sewer.

You collected 222 gold pieces.

Inventory:

Hand Weapons
 a - a +0 war axe
 i - a +2 whip of flaming
 v - the +10 dagger "Horar" (weapon) {elec, rF+ rC- Str+6}
   (You found it on level 4 of the Dungeon)

   Occasionally, upon striking a foe, it can discharge electrical energy and
   cause terrible harm.
   It affects your strength (+6).
   It protects you from fire.
   It makes you vulnerable to cold.
Missiles
 p - 16 poisoned darts (quivered)
Armour
 b - a +0 scale mail (worn)
 c - a +0 kite shield (worn)
Jewellery
 f - a ring of flight (right hand)
 n - a +4 ring of slaying (left hand)
 r - a ring of see invisible
Scrolls
 g - a scroll of teleportation
 j - a scroll of blinking {unknown}
 k - a scroll of identify {unknown}
 l - 2 scrolls of fog {unknown}
 m - a scroll of enchant armour {unknown}
 u - a scroll of enchant weapon {unknown}
 w - a scroll of immolation {unknown}
 x - a scroll of magic mapping {unknown}
 y - a scroll of fear {unknown}
Potions
 d - 2 potions of might
 e - a potion of lignification {unknown}
 h - 2 potions of haste {unknown}
 o - 2 potions of attraction {unknown}
 q - 2 potions of magic
 s - 2 potions of flight {unknown}
 t - a potion of ambrosia {unknown}
 z - a potion of curing


   Skills:
 - Level 3.6 Fighting
 + Level 2.0 Short Blades
 + Level 10.3 Axes
 - Level 3.2 Armour
 - Level 3.2 Shields


You had 6 spell levels left.
You didn't know any spells.
Your spell library was empty.

Dungeon Overview and Level Annotations

Branches:
Dungeon (4/15)              Sewer (1/1)
 Temple: D:4-7

Altars:


Message History

The bullfrog hits you but does no damage.
The bullfrog releases a deep croak.
The bullfrog hits you but does no damage.
The ball python bites you but does no damage.
You block the ball python's attack. The adder bites you but does no damage.
The bullfrog releases a deep croak.
The bullfrog barely misses you.
The ball python bites you but does no damage.
The ball python grabs you. The ball python constricts you.
You escape the ball python's grasp.
You feel sick. The adder bites you but does no damage.
The bullfrog hits you but does no damage.
The adder bites you but does no damage.
You feel sick.
The bullfrog hits you. x2; You block the bullfrog's attack.
The bullfrog hits you.
* * * LOW HITPOINT WARNING * * *
The adder bites you but does no damage.
You feel sick. You block the bullfrog's attack.
The bullfrog hits you but does no damage.
The bullfrog hits you.
* * * LOW HITPOINT WARNING * * *
The bullfrog hits you.
* * * LOW HITPOINT WARNING * * *
The adder bites you but does no damage.
It was a potion of curing.
You feel better. The bullfrog barely misses you. The bullfrog hits you.
* * * LOW HITPOINT WARNING * * *
The ball python barely misses you. The ball python grabs you.
The ball python constricts you. The adder bites you but does no damage.
You block the ball python's attack. The bullfrog hits you.
* * * LOW HITPOINT WARNING * * *
The bullfrog hits you.
* * * LOW HITPOINT WARNING * * *
It was a potion of magic.
Magic courses through your body.
The ball python bites you but does no damage.
The ball python constricts you. The adder bites you but does no damage.
The ball python bites you but does no damage.
The bullfrog hits you but does no damage.
The bullfrog hits you.
You die...

###################
.#≈≈≈≈≈≈≈†≈≈≈≈≈≈≈#.###
S≈≈≈≈≈≈≈..≈≈FS≈≈≈≈...##
.≈≈≈≈≈≈≈≈†#rF@≈≈≈≈....#
.≈≈≈≈≈≈≈≈≈≈lSS≈≈≈≈....#
.≈≈≈≈≈≈≈≈≈≈≈≈≈≈≈≈≈....##
..≈≈≈≈≈≈≈≈≈≈≈≈≈≈≈......#
###################....#
####...## #..#....#
#..'.†..# #####...#


You could see 2 bullfrogs, an adder, 2 ball pythons, a frilled lizard and a rat.

Vanquished Creatures
  An ogre (D:4)
  A kobold brigand (D:3)
  A centaur skeleton (D:4)
  A hound (D:4)
  Natasha (twice) (D:3)
  3 orc wizards
  A hound zombie (D:4)
  8 river rats (Sewer)
  11 adders
  2 oozes
  2 worms
  4 dart slugs
  9 leopard geckos
  5 orcs
  10 ball pythons
  6 giant cockroaches
  9 goblins
  5 hobgoblins
  3 jackals (D:1)
  2 quokkas
  11 bats
  5 frilled lizards
  8 kobolds
  25 rats
135 creatures vanquished.

Notes
Turn   | Place    | Note
-------+----------+-------------------------------------------
     0 | D:1      | Aggronaut the Hill Orc Fighter began the quest for the Orb.
     0 | D:1      | Reached XP level 1. HP: 19/19 MP: 1/1
    24 | D:1      | Reached skill level 3 in Axes
   137 | D:1      | Reached XP level 2. HP: 23/26 MP: 2/2
   312 | D:1      | Reached skill level 4 in Axes
   502 | D:1      | Reached XP level 3. HP: 27/31 MP: 3/3
   858 | D:2      | Reached skill level 5 in Axes
   993 | D:2      | Reached XP level 4. HP: 37/39 MP: 4/4
  1213 | D:3      | Reached skill level 6 in Axes
  1214 | D:3      | Noticed Natasha
  1225 | D:3      | Killed Natasha
  1493 | D:3      | Reached XP level 5. HP: 36/45 MP: 5/5
  1508 | D:3      | Reached skill level 7 in Axes
  1876 | D:3      | Noticed Natasha
  1880 | D:3      | Killed Natasha
  2107 | D:3      | Reached skill level 8 in Axes
  2107 | D:3      | Reached XP level 6. HP: 32/51 MP: 6/6
  2429 | D:4      | Reached skill level 9 in Axes
  2578 | D:4      | Reached XP level 7. HP: 43/57 MP: 7/7
  2578 | D:4      | Identified the +10 dagger "Horar" {elec, rF+ rC- Str+6}
  2726 | D:4      | Found a glowing drain.
  2730 | Sewer    | Entered a sewer
  2753 | Sewer    | Reached skill level 10 in Axes
  2821 | Sewer    | Reached skill level 1 in Short Blades
  3646 | Sewer    | HP: 1/57 [bullfrog (6)]
  3647 | Sewer    | Slain by a bullfrog

Illustrated notes

Levels and vault maps discovered:
D:1:      lemuel_arrival_hallway, layout_rooms, minmay_pentomino_u2
D:2:      layout_basic
D:3:      layout_basic, uniq_natasha
D:4:      layout_rooms, lemuel_crystal_altar, gup_sewer_entry_bowl
Sewer:    sewer_minmay_w

Skill      XL: |  1  2  3  4  5  6  7 |
---------------+----------------------+-----
Axes           | 3 4 5 6 8 9 10 | 10.3
Short Blades   | 2 |  2.0
Fighting       | |  3.6
Armour         | |  3.2
Shields        | |  3.2

Action                   |  1- 3 |  4- 6 |  7- 9 || total
-------------------------+-------+-------+-------++-------
Melee: War axe           |   109 |   122 |     3 ||   234
       Dagger            |       |       |    84 ||    84
  Use: Scroll            |       |     1 |     1 ||     2
       Potion            |       |       |     2 ||     2
Armor: Scale mail        |    86 |    51 |    71 ||   208
Dodge: Dodged            |    67 |    41 |    43 ||   151
Block: Kite shield       |    90 |    54 |    88 ||   232

Table legend: (Time is in decaauts)
 A = Elapsed time spent in this place.
 B = Non-inter-level travel time spent in this place.
 C = Inter-level travel time spent in this place.
 D = Time resting spent in this place.
 E = Time spent auto-exploring this place.
 F = Levels seen in this place.
 G = Mean time per level.
                   A        B        C        D        E       F      G
               +--------+--------+--------+--------+--------+-----+--------+
         Total |   3841 |   3774 |     67 |    848 |   1855 |   5 |  768.2 |
       Dungeon |   2836 |   2769 |     67 |    346 |   1648 |   4 |  709.0 |
         Sewer |   1005 |   1005 |      0 |    502 |    207 |   1 | 1005.0 |
               +--------+--------+--------+--------+--------+-----+--------+

Top non-repeatable levels by time:
     D:3: 1194 daAuts
   Sewer: 1005 daAuts
     D:1: 888 daAuts
     D:4: 379 daAuts
     D:2: 374 daAuts
